 Dungeon Crawl Stone Soup version 0.28-a0-653-g7e9dba17c3 (webtiles) character file.

Game seed: 1714275830797583658

177 blank1 the Skirmisher (level 5, -1/48 HPs)
             Began as a Minotaur Fighter on Oct 11, 2021.
             Slain by an orc wizard (3 damage)
             ... on level 3 of the Dungeon.
             The game lasted 00:03:01 (1526 turns).

blank1 the Skirmisher (Minotaur Fighter)            Turns: 1526, Time: 00:03:02

Health: -1/48      AC:  9    Str: 21    XL:     5   Next: 30%
Magic:  4/4        EV:  8    Int:  5    God:
Gold:   201        SH:  5    Dex: 10    Spells: 4/4 levels left

rFire   . . .      SeeInvis .   a - +0 flail
rCold   . . .      Faith    +   c - +1 buckler
rNeg    . . .      Spirit   .   g - +0 chain mail
rPois   .          Reflect  .   (helmet restricted)
rElec   .          Harm     .   (no cloak)
rCorr   .          Rampage  .   (no gloves)
Will    .....                   (no boots)
Stlth   ..........              j - amulet of faith
HPRegen 0.16/turn               (no ring)
MPRegen 0.09/turn               (no ring)

@: mighty
A: horns 2, retaliatory headbutt
a: no special abilities


You were on level 3 of the Dungeon.
You visited 1 branch of the dungeon, and saw 3 of its levels.

You collected 201 gold pieces.

Inventory:

Hand Weapons
 a - a +0 flail (weapon)
Missiles
 e - 5 silver javelins (quivered)
Armour
 c - a +1 buckler (worn)
 g - a +0 chain mail (worn)
Jewellery
 j - an amulet of faith (around neck)
Scrolls
 b - a scroll of enchant weapon {unknown}
 h - a scroll of magic mapping {unknown}
 i - a scroll of vulnerability {unknown}
 k - a scroll of teleportation {unknown}
Potions
 f - 2 potions of flight {unknown}
 l - a potion of curing {unknown}
 m - a potion of attraction {unknown}


   Skills:
 - Level 5.0 Fighting
 + Level 4.7 Maces & Flails
 - Level 4.0 Armour
 - Level 2.0 Dodging
 - Level 4.0 Shields


You had 4 spell levels left.
You didn't know any spells.
Your spell library contained the following spells:

 Spells                   Type           Power      Damage    Failure   Level
 Pain                     Necr           0%         1d4       99%         1
 Sting                    Tmut/Pois      0%         1d3       99%         1
 Summon Small Mammal      Summ           0%         N/A       99%         1
 Poisonous Vapours        Pois/Air       0%         N/A       100%        2
 Static Discharge         Conj/Air       0%         N/A       100%        2
 Call Canine Familiar     Summ           0%         N/A       100%        3
 Conjure Flame            Conj/Fire      0%         6-21      100%        3
 Ignite Poison            Fire/Tmut/Pois 0%         N/A       100%        3
 Ozocubu's Armour         Ice            0%         N/A       100%        3
 Summon Guardian Golem    Hex/Summ       0%         N/A       100%        3
 Olgreb's Toxic Radiance  Pois           0%         N/A       100%        4
 Sticky Flame             Conj/Fire      0%         2d3       100%        4
 Agony                    Necr           0%         N/A       100%        5
 Excruciating Wounds      Necr           0%         N/A       100%        5
 Lightning Bolt           Conj/Air       0%         1d11      100%        5
 Metabolic Englaciation   Hex/Ice        0%         N/A       100%        5
 Simulacrum               Ice/Necr       0%         N/A       100%        6
 Maxwell's Capacitive Co  Air            0%         ∞         100%        8


Dungeon Overview and Level Annotations

Branches:
Dungeon (3/15)

Altars:


Innate Abilities, Weirdness & Mutations

You have a pair of horns on your head.
You reflexively headbutt those who attack you in melee.


Message History

The orc wizard gestures at you while chanting.
You resist with some effort.
Training target 5.0 for Fighting reached!
Your Fighting skill increases to level 5!
Your Maces & Flails skill increases to level 4!
You have reached level 5!
You closely miss the orc priest.
The orc priest is lightly wounded.
The orc wizard casts a spell.
The orc wizard flickers and vanishes!
Deactivating autopickup; reactivate with Ctrl-A.
The orc priest hits you but does no damage.
Unknown command.
You sock the orc priest!
The orc priest is severely wounded.
Something hits you.
* * * LOW HITPOINT WARNING * * *
The orc priest barely misses you. You furiously retaliate!
You headbutt the orc priest!
You kill the orc priest!
An orc priest comes into view. It is wielding a +0 dagger.
An orc wizard comes into view. It is wielding a +0 dagger.
Something hits you but does no damage.
You miss something.
The orc wizard shouts!
The goblin hits you but does no damage. Something hits you but does no damage.
Unknown command.
Unknown command.
The goblin hits you with a +0 dagger.
* * * LOW HITPOINT WARNING * * *
You barely miss the goblin. The goblin hits you but does no damage.
You sock the goblin!
You kill the goblin!
You closely miss something. You headbutt something!
The orc priest mumbles some strange prayers to Beogh against you.
Beogh smites you!
* * * LOW HITPOINT WARNING * * *
The orc wizard mumbles some strange words.
The orc wizard flickers and vanishes!
Something hits you.
You die...

#.........# ##
#?........# #..
.........# #.#
###........# #.#
...o{.....#
##.#########
#........#
#..........# #oo#
#..........####)#
#...†........##@###
##.#..............#
#.#..............#
#.#..............#
#.##..####.......#
#<##...# #.......#
###.#.####.......#
##.#.##.########.#
##.#.##.#.## #...#


You could see an orc priest and 2 orcs.

Vanquished Creatures
  2 orc priests (D:3)
  An iguana (D:3)
  An orc wizard (D:3)
  An adder (D:3)
  A dart slug (D:1)
  4 orcs (D:3)
  6 bats
  A giant cockroach (D:2)
  2 hobgoblins
  7 jackals
  4 quokkas
  8 ball pythons
  4 frilled lizards
  5 goblins
  A kobold (D:3)
  7 rats
55 creatures vanquished.

Vanquished Creatures (others)
  A fungus (D:2)
  6 toadstools (D:2)
7 creatures vanquished.

Grand Total: 62 creatures vanquished

Notes
Turn   | Place    | Note
-------+----------+-------------------------------------------
     0 | D:1      | blank1 the Minotaur Fighter began the quest for the Orb.
     0 | D:1      | Reached XP level 1. HP: 19/19 MP: 0/0
   207 | D:1      | Reached XP level 2. HP: 27/27 MP: 1/1
   681 | D:2      | Reached skill level 1 in Dodging
   805 | D:2      | Found a faded altar of an unknown god.
   814 | D:2      | Reached skill level 4 in Fighting
   823 | D:2      | Reached XP level 3. HP: 33/33 MP: 2/2
  1292 | D:3      | Reached XP level 4. HP: 41/41 MP: 3/3
  1520 | D:3      | Reached skill level 5 in Fighting
  1520 | D:3      | Reached XP level 5. HP: 14/48 MP: 4/4
  1526 | D:3      | HP: 2/48 [orc priest/divine providence (11)]
  1526 | D:3      | Slain by an orc wizard

Illustrated notes

Levels and vault maps discovered:
D:1:      onia_arrival_pentagram, layout_rooms, moated_statue
D:2:      layout_basic, hellmonk_ecumenical_altar_leap_of_faith,
          glass_columns_a, minmay_gold_behind_fungi
D:3:      minmay_inner_zag, layout_basic, nicolae_gozag_seed_capital,
          nicolae_elyvilon_peaceful_grove

Skill      XL: |  1  2  3  4 |
---------------+-------------+-----
Dodging        | 1 2 |  2.0
Fighting       | 4 5 |  5.0
Shields        | 4 |  4.0
Armour         | 4 |  4.0
Maces & Flails | 3 4 |  4.7

Action                   |  1- 3 |  4- 6 || total
-------------------------+-------+-------++-------
Melee: Flail             |   100 |    30 ||   130
       Headbutt          |    12 |     5 ||    17
  Use: Scroll            |     1 |       ||     1
       Potion            |       |     1 ||     1
Armor: Scale mail        |    21 |       ||    21
       Chain mail        |    40 |    17 ||    57
Dodge: Dodged            |    54 |    13 ||    67
Block: Buckler           |    21 |     7 ||    28

Table legend: (Time is in decaauts)
 A = Elapsed time spent in this place.
 B = Non-inter-level travel time spent in this place.
 C = Inter-level travel time spent in this place.
 D = Time resting spent in this place.
 E = Time spent auto-exploring this place.
 F = Levels seen in this place.
 G = Mean time per level.
                   A        B        C        D        E       F      G
               +--------+--------+--------+--------+--------+-----+--------+
         Total |   1557 |   1506 |     51 |      0 |   1172 |   3 |  519.0 |
       Dungeon |   1557 |   1506 |     51 |      0 |   1172 |   3 |  519.0 |
               +--------+--------+--------+--------+--------+-----+--------+

Top non-repeatable levels by time:
     D:1: 575 daAuts
     D:2: 533 daAuts
     D:3: 449 daAuts
